TOP OF THE 1ST |
Mile High Broncos batting - Pitching for Redwood City Redwoods : RHP Will Jackson
|
Pitching: RHP Will Jackson
|
|
Batting: LHB Jesús González
|
0-0: Called Strike 0-1: Swinging Strike 0-2: Strikes out looking
|
Batting: RHB Jeff Packard
|
0-0: Called Strike 0-1: Foul Ball, location: 2F 0-2: Ball 1-2: SINGLE (Line Drive, 7S)
|
Batting: LHB José Rivas
|
0-0: Swinging Strike 0-1: Ball 1-1: Ball 2-1: Ground out 6-3 (Groundball, 6MS) Jeff Packard to second
|
Batting: RHB Rodney González
|
0-0: Called Strike 0-1: Fly out, F9 (Flyball, 9LS)
|
Top of the 1st over - 0 run(s), 1 hit(s), 0 error(s), 1 left on base; Mile High 0 - Redwood City 0 |
BOTTOM OF THE 1ST |
Redwood City Redwoods batting - Pitching for Mile High Broncos : RHP Dan Bailey
|
Pitching: RHP Dan Bailey
|
|
Batting: RHB Robert Downing
|
0-0: Swinging Strike 0-1: Ball 1-1: SINGLE (Groundball, 4MS) (infield hit)
|
Batting: LHB Keith Green
|
0-0: Ground out U3 (Groundball, 3L) Robert Downing to second
|
Batting: LHB Marcos Pérez
|
0-0: Called Strike 0-1: Ball 1-1: Called Strike 1-2: DOUBLE (Line Drive, 7LM) Robert Downing scores
|
Batting: LHB Bill McCraney
|
0-0: Called Strike 0-1: Ball 1-1: Ball 2-1: Foul Ball, location: 2F 2-2: Fly out, F8 (Flyball, 8RD) Runner from 2nd tags up, SAFE at 3rd, no throw
|
Batting: LHB Vicente Chávez
|
0-0: Swinging Strike 0-1: Swinging Strike 0-2: Strikes out looking
|
Bottom of the 1st over - 1 run(s), 2 hit(s), 0 error(s), 1 left on base; Mile High 0 - Redwood City 1 |
TOP OF THE 2ND |
Mile High Broncos batting - Pitching for Redwood City Redwoods : RHP Will Jackson
|
Batting: LHB Mark Everett
|
0-0: Ball 1-0: Called Strike 1-1: Foul Ball, location: 2F 1-2: Strikes out swinging
|
Batting: RHB Raúl Ruíz
|
0-0: SINGLE (Line Drive, 3)
|
Batting: RHB Bo Vickers
|
0-0: Called Strike 0-1: Called Strike 0-2: Strikes out swinging
|
Batting: SHB Tom Stevens
|
0-0: Swinging Strike 0-1: SINGLE (Groundball, 6) (infield hit) Raúl Ruíz to second
|
Batting: RHB John Brown
|
0-0: Swinging Strike 0-1: Ball 1-1: Swinging Strike 1-2: Foul Ball, location: 2F 1-2: Ball 2-2: Foul Ball, location: 2F 2-2: Foul Ball, location: 2F 2-2: Strikes out swinging
|
Top of the 2nd over - 0 run(s), 2 hit(s), 0 error(s), 2 left on base; Mile High 0 - Redwood City 1 |
BOTTOM OF THE 2ND |
Redwood City Redwoods batting - Pitching for Mile High Broncos : RHP Dan Bailey
|
Batting: LHB Pedro Rodríguez
|
0-0: SINGLE (Groundball, 34D)
|
Batting: RHB Juan Robles
|
0-0: Grounds into double play, 1-6-3 (Groundball, 13S)
|
Batting: RHB Héctor Vázquez
|
0-0: Ball 1-0: SINGLE (Flyball, 78S)
|
Batting: RHB David Strickland
|
0-0: Ball 1-0: Ball 2-0: Swinging Strike 2-1: Foul Ball, location: 2F 2-2: Foul Ball, location: 2F 2-2: Ground out 5-3 (Groundball, 56S)
|
Bottom of the 2nd over - 0 run(s), 2 hit(s), 0 error(s), 1 left on base; Mile High 0 - Redwood City 1 |
TOP OF THE 3RD |
Mile High Broncos batting - Pitching for Redwood City Redwoods : RHP Will Jackson
|
Batting: LHB Jesús González
|
0-0: SINGLE (Line Drive, 9S)
|
Batting: RHB Jeff Packard
|
0-0: Ball 1-0: Ball 2-0: Ball 3-0: Called Strike 3-1: Called Strike 3-2: Ground out 6-3 (Groundball, 6) Jesús González to second
|
Batting: LHB José Rivas
|
0-0: Ball Jesús González steals 3rd base 1-0: Ball 2-0: Called Strike 2-1: Swinging Strike 2-2: Ball 3-2: Strikes out looking
|
Batting: RHB Rodney González
|
0-0: Swinging Strike 0-1: Ball 1-1: Fly out, F9 (Flyball, 9S)
|
Top of the 3rd over - 0 run(s), 1 hit(s), 0 error(s), 1 left on base; Mile High 0 - Redwood City 1 |
BOTTOM OF THE 3RD |
Redwood City Redwoods batting - Pitching for Mile High Broncos : RHP Dan Bailey
|
Batting: RHB Robert Downing
|
0-0: Ball 1-0: Foul Ball, location: 2F 1-1: Ball 2-1: Foul Ball, location: 2F 2-2: Foul Ball, location: 2F 2-2: Foul Ball, location: 2F 2-2: Ground out 4-3 (Groundball, 4D)
|
Batting: LHB Keith Green
|
0-0: Called Strike 0-1: Foul Ball, location: 2F 0-2: Ground out 1-3 (Groundball, P)
|
Batting: LHB Marcos Pérez
|
0-0: SOLO HOME RUN (Flyball, 9D), Distance : 359 ft
|
Batting: LHB Bill McCraney
|
0-0: Fly out, F4 (Popup, 3D)
|
Bottom of the 3rd over - 1 run(s), 1 hit(s), 0 error(s), 0 left on base; Mile High 0 - Redwood City 2 |
TOP OF THE 4TH |
Mile High Broncos batting - Pitching for Redwood City Redwoods : RHP Will Jackson
|
Batting: LHB Mark Everett
|
0-0: Ball 1-0: Called Strike 1-1: Swinging Strike 1-2: Ground out U3 (Groundball, 34)
|
Batting: RHB Raúl Ruíz
|
0-0: Ball 1-0: Called Strike 1-1: Ball 2-1: Swinging Strike 2-2: Ball 3-2: Foul Ball, location: 2F 3-2: Foul Ball, location: 2F 3-2: Strikes out looking
|
Batting: RHB Bo Vickers
|
0-0: Ball 1-0: Ball 2-0: Ball 3-0: Foul Ball, location: 2F 3-1: Fly out, F6 (Line Drive, 6)
|
Top of the 4th over - 0 run(s), 0 hit(s), 0 error(s), 0 left on base; Mile High 0 - Redwood City 2 |
BOTTOM OF THE 4TH |
Redwood City Redwoods batting - Pitching for Mile High Broncos : RHP Dan Bailey
|
Batting: LHB Vicente Chávez
|
0-0: Foul Ball, location: 2F 0-1: Ball 1-1: Ball 2-1: SINGLE (Groundball, 4MD)
|
Batting: LHB Pedro Rodríguez
|
0-0: Ball 1-0: Fielders Choice at 2nd, 4-6 (Groundball, 4)
|
Batting: RHB Juan Robles
|
0-0: Ball 1-0: Ball 2-0: Swinging Strike 2-1: SINGLE (Line Drive, 4D) Pedro Rodríguez to second
|
Batting: RHB Héctor Vázquez
|
0-0: Ball 1-0: Ball 2-0: Ball 3-0: Base on Balls Pedro Rodríguez to third Juan Robles to second
|
Batting: RHB David Strickland
|
0-0: Called Strike 0-1: Foul Ball, location: 2F 0-2: Ball 1-2: Foul Ball, location: 2F 1-2: Ball 2-2: Foul Ball, location: 2F 2-2: Ground out 4-3 (Groundball, 4S) Pedro Rodríguez scores Juan Robles to third Héctor Vázquez to second
|
Batting: RHB Robert Downing
|
0-0: Called Strike 0-1: Swinging Strike 0-2: Ball 1-2: Reached on error, E5 (Groundball, 56) Juan Robles scores Héctor Vázquez to third
|
Batting: LHB Keith Green
|
0-0: Called Strike 0-1: Foul Ball, location: 2F 0-2: Ball 1-2: Ball 2-2: Fly out, F7 (Flyball, 7D)
|
Bottom of the 4th over - 2 run(s), 2 hit(s), 1 error(s), 2 left on base; Mile High 0 - Redwood City 4 |
TOP OF THE 5TH |
Mile High Broncos batting - Pitching for Redwood City Redwoods : RHP Will Jackson
|
Batting: SHB Tom Stevens
|
0-0: Ball 1-0: Foul Ball, location: 2F 1-1: Foul Ball, location: 2F 1-2: Strikes out looking
|
Batting: RHB John Brown
|
0-0: Ball 1-0: Ball 2-0: Called Strike 2-1: Swinging Strike 2-2: Strikes out swinging
|
Batting: LHB Jesús González
|
0-0: Ball 1-0: Ball 2-0: Ball 3-0: Base on Balls
|
Batting: RHB Jeff Packard
|
0-0: Ball 1-0: Foul Ball, location: 2F 1-1: SINGLE (Groundball, 4D) Jesús González to second Runner from 2nd tries for 3rd, SAFE, throw made to third
|
Now in RF: Bob Campbell
|
|
Batting: LHB José Rivas
|
0-0: Called Strike 0-1: Foul Ball, location: 2F 0-2: Strikes out swinging
|
Top of the 5th over - 0 run(s), 1 hit(s), 0 error(s), 2 left on base; Mile High 0 - Redwood City 4 |
BOTTOM OF THE 5TH |
Redwood City Redwoods batting - Pitching for Mile High Broncos : RHP Dan Bailey
|
Batting: LHB Marcos Pérez
|
0-0: Ball 1-0: Foul Ball, location: 2F 1-1: Ball 2-1: SINGLE (Line Drive, 89M)
|
Batting: LHB Bill McCraney
|
0-0: Ball 1-0: Ball 2-0: Swinging Strike 2-1: DOUBLE (Flyball, 8RXD) Marcos Pérez to third
|
Batting: LHB Vicente Chávez
|
0-0: Ball 1-0: Foul Ball, location: 2F 1-1: Fly out, F8 (Flyball, 8RD) Runner from 3rd tags up, SCORES, no throw
|
Batting: RHB Bob Campbell
|
0-0: Swinging Strike 0-1: Ground out 5-3 (Groundball, 5)
|
Batting: RHB Juan Robles
|
0-0: Foul Ball, location: 2F 0-1: Ground out 1-3 (Groundball, 15S)
|
Bottom of the 5th over - 1 run(s), 2 hit(s), 0 error(s), 1 left on base; Mile High 0 - Redwood City 5 |
TOP OF THE 6TH |
Mile High Broncos batting - Pitching for Redwood City Redwoods : RHP Will Jackson
|
Batting: RHB Rodney González
|
0-0: Ball 1-0: Ground out 6-3 (Groundball, 6)
|
Batting: LHB Mark Everett
|
0-0: DOUBLE (Groundball, 3D)
|
Batting: RHB Raúl Ruíz
|
0-0: Ground out 6-3 (Groundball, 6)
|
Batting: RHB Bo Vickers
|
0-0: Called Strike 0-1: Foul Ball, location: 2F 0-2: Strikes out swinging
|
Top of the 6th over - 0 run(s), 1 hit(s), 0 error(s), 1 left on base; Mile High 0 - Redwood City 5 |
BOTTOM OF THE 6TH |
Redwood City Redwoods batting - Pitching for Mile High Broncos : RHP Dan Bailey
|
Batting: RHB Héctor Vázquez
|
0-0: Ball 1-0: Ball 2-0: Called Strike 2-1: Ball 3-1: Base on Balls
|
Pitching: RHP Brandon Mitchell
|
|
Batting: RHB David Strickland
|
0-0: Ball 1-0: Called Strike 1-1: SINGLE (Flyball, 9S) Héctor Vázquez to second Runner from 2nd tries for 3rd, SAFE, no throw
|
Batting: RHB Robert Downing
|
0-0: Ball 1-0: Ball 2-0: Called Strike 2-1: Called Strike 2-2: Ground out 4-3 (Groundball, 34) Héctor Vázquez scores David Strickland to second
|
Batting: LHB Keith Green
|
0-0: Called Strike 0-1: Called Strike 0-2: Foul Ball, location: 2F 0-2: Ball 1-2: Fly out, F9 (Flyball, 89M)
|
Batting: LHB Marcos Pérez
|
0-0: Swinging Strike 0-1: Called Strike 0-2: Ball 1-2: Ball 2-2: Foul Ball, location: 2F 2-2: Ground out 3-1 (Groundball, 34)
|
Bottom of the 6th over - 1 run(s), 1 hit(s), 0 error(s), 1 left on base; Mile High 0 - Redwood City 6 |
TOP OF THE 7TH |
Mile High Broncos batting - Pitching for Redwood City Redwoods : RHP Will Jackson
|
Batting: SHB Tom Stevens
|
0-0: Ball 1-0: Called Strike 1-1: Called Strike 1-2: Ball 2-2: Foul Ball, location: 2F 2-2: Ball 3-2: Strikes out swinging
|
Batting: RHB John Brown
|
0-0: Ball 1-0: Called Strike 1-1: Ball 2-1: Called Strike 2-2: Strikes out swinging
|
Batting: LHB Jesús González
|
0-0: Ground out 4-3 (Groundball, 4)
|
Top of the 7th over - 0 run(s), 0 hit(s), 0 error(s), 0 left on base; Mile High 0 - Redwood City 6 |
BOTTOM OF THE 7TH |
Redwood City Redwoods batting - Pitching for Mile High Broncos : RHP Brandon Mitchell
|
Batting: LHB Bill McCraney
|
0-0: Ball 1-0: Foul Ball, location: 2F 1-1: Fly out, F7 (Flyball, 7)
|
Batting: LHB Vicente Chávez
|
0-0: Called Strike 0-1: SINGLE (Line Drive, 4MD)
|
Batting: RHB Bob Campbell
|
0-0: Ball 1-0: Ball 2-0: Ball 3-0: Called Strike 3-1: Called Strike 3-2: Foul Ball, location: 2F 3-2: Base on Balls Vicente Chávez to second
|
Batting: RHB Juan Robles
|
0-0: Ball 1-0: Ball 2-0: Called Strike 2-1: Foul Ball, location: 2F 2-2: SINGLE (Line Drive, 7S) Vicente Chávez to third Bob Campbell to second
|
Pitching: LHP Jorge García
|
|
Batting: RHB Héctor Vázquez
|
0-0: Ball 1-0: DOUBLE (Groundball, 5L) Vicente Chávez scores Bob Campbell scores Juan Robles to third
|
Batting: RHB David Strickland
|
0-0: Ball 1-0: Fly out, F4 (Line Drive, 4M)
|
Batting: RHB Robert Downing
|
0-0: Ball 1-0: Ball 2-0: Called Strike 2-1: Swinging Strike 2-2: DOUBLE (Line Drive, 7) Juan Robles scores Héctor Vázquez scores
|
Batting: LHB Keith Green
|
0-0: Foul Ball, location: 2F 0-1: Ball 1-1: Fly out, F4 (Line Drive, 4)
|
Bottom of the 7th over - 4 run(s), 4 hit(s), 0 error(s), 1 left on base; Mile High 0 - Redwood City 10 |
TOP OF THE 8TH |
Mile High Broncos batting - Pitching for Redwood City Redwoods : RHP Will Jackson
|
Pitching: RHP Gil Paling
|
|
Batting: RHB Jeff Packard
|
0-0: Ball 1-0: Ball 2-0: Called Strike 2-1: Ball 3-1: SINGLE (Groundball, 4MD)
|
Batting: LHB José Rivas
|
0-0: Ball 1-0: Called Strike 1-1: SINGLE (Line Drive, 78M) Jeff Packard to second
|
Batting: RHB Rodney González
|
0-0: Ball 1-0: Ball 2-0: Called Strike 2-1: Foul Ball, location: 2F 2-2: Foul Ball, location: 2F 2-2: DOUBLE (Flyball, 89D) Jeff Packard scores José Rivas to third
|
Batting: LHB Mark Everett
|
0-0: Called Strike 0-1: Called Strike 0-2: Fly out, F7 (Flyball, 7) Runner from 3rd tags up, OUT at HOME Rodney González to third
|
Batting: RHB Raúl Ruíz
|
0-0: Called Strike 0-1: Swinging Strike 0-2: Ball 1-2: Ball 2-2: Ball 3-2: Foul Ball, location: 2F 3-2: Fly out, F7 (Flyball, 7)
|
Top of the 8th over - 1 run(s), 3 hit(s), 0 error(s), 1 left on base; Mile High 1 - Redwood City 10 |
BOTTOM OF THE 8TH |
Redwood City Redwoods batting - Pitching for Mile High Broncos : LHP Jorge García
|
Batting: LHB Marcos Pérez
|
0-0: Called Strike 0-1: Called Strike 0-2: Ball 1-2: Ball 2-2: Strikes out swinging
|
Batting: LHB Bill McCraney
|
0-0: SINGLE (Groundball, 3D)
|
Batting: LHB Vicente Chávez
|
0-0: Swinging Strike 0-1: Called Strike 0-2: Foul Ball, location: 2F 0-2: Ball 1-2: SINGLE (Groundball, 56D) Bill McCraney to second
|
Batting: RHB Bob Campbell
|
0-0: Called Strike 0-1: Ball 1-1: Grounds into double play, 3-6-1 (Groundball, 34)
|
Bottom of the 8th over - 0 run(s), 2 hit(s), 0 error(s), 1 left on base; Mile High 1 - Redwood City 10 |
TOP OF THE 9TH |
Mile High Broncos batting - Pitching for Redwood City Redwoods : RHP Gil Paling
|
Now at 1B: Carlos Gonzáles
|
|
Batting: RHB Bo Vickers
|
0-0: Ball 1-0: Fly out, F2 (Popup, 2L)
|
Batting: SHB Tom Stevens
|
0-0: Ball 1-0: Ball 2-0: Called Strike 2-1: Ball 3-1: Base on Balls
|
Batting: RHB John Brown
|
0-0: Ball 1-0: Called Strike 1-1: Fly out, F9 (Flyball, 9S)
|
Batting: LHB Jesús González
|
0-0: Fly out, F6 (Popup, 6D)
|
Top of the 9th over - 0 run(s), 0 hit(s), 0 error(s), 1 left on base; Mile High 1 - Redwood City 10 |
|